 Dungeon Crawl Stone Soup version 0.30-a0-374-g95c0257040 (webtiles) character file.

Game seed: 10800824113338855974

223 Elric the Magician (level 5, -1/38 HPs)
             Began as a Demonspawn Hedge Wizard on Nov 25, 2022.
             Slain by an ice beast (11 damage)
             ... on level 4 of the Dungeon.
             The game lasted 00:07:30 (3946 turns).

Elric the Magician (Demonspawn Hedge Wizard)        Turns: 3946, Time: 00:07:33

Health: -1/38      AC: 13    Str: 11    XL:     5   Next: 66%
Magic:  5/11       EV: 12    Int: 23    God:
Gold:   143        SH:  0    Dex: 12    Spells: 7/12 levels left

rFire   . . .      SeeInvis +    k - +1 mace (protect)
rCold   . . .      Faith    .    (no shield)
rNeg    + . .      Spirit   .    b - +0 robe
rPois   +          Reflect  .    c - +0 hat
rElec   .          Harm     .    t - +2 cloak
rCorr   .          Rampage  .    (no gloves)
Will    +....                    l - +0 pair of boots
Stlth   ++........               (no amulet)
HPRegen 0.26/turn                e - +6 ring of intelligence
MPRegen 0.12/turn                f - ring of Metrudah {rPois rN+ Will+ SInv}

@: under a protective aura
A: demonic magic 1
a: no special abilities


You were on level 4 of the Dungeon.
You visited 1 branch of the dungeon, and saw 4 of its levels.

You collected 143 gold pieces.

Inventory:

Hand Weapons
 k - a +1 mace of protection (weapon)
Missiles
 a - a silver boomerang
 m - a throwing net
Armour
 b - a +0 robe (worn)
 c - a +0 hat (worn)
 l - a +0 pair of boots (worn)
 t - a +2 cloak (worn)
Jewellery
 e - a +6 ring of intelligence (left hand)
 f - the ring of Metrudah (right hand) {rPois rN+ Will+ SInv}
   (You acquired it on level 4 of the Dungeon)

   [ring of positive energy]

   rPois:     It protects you from poison.
   rN:        It protects you from negative energy.
   SInv:      It lets you see invisible.
   Will:      It increases your willpower.
 g - a ring of protection from fire
Scrolls
 o - a scroll of summoning
Potions
 d - a potion of magic
 i - a potion of might {unknown}
 q - 2 potions of ambrosia {unknown}


   Skills:
 + Level 2.0 Fighting
 + Level 1.6 Maces & Flails
 - Level 1.7 Dodging
 - Level 1.7 Stealth
 + Level 4.0 Spellcasting
 + Level 2.8 Conjurations
 * Level 2.5 Summonings
 - Level 0.8 Translocations


You had 7 spell levels left.
You knew the following spells:

 Your Spells              Type           Power      Damage    Failure   Level
a - Magic Dart            Conj           68%        1d6       3%          1
b - Blink                 Tloc           16%        N/A       11%         2
c - Call Imp              Summ           16%        N/A       5%          2

Your spell library contained the following spells:

 Spells                   Type           Power      Damage    Failure   Level
 Slow                     Hex            16%        N/A       11%         1
 Sting                    Tmut/Pois      16%        1d3       11%         1
 Cigotuvi's Dreadful Rot  Necr/Pois/Air  8%         N/A       16%         2
 Poisonous Vapours        Pois/Air       8%         N/A       16%         2
 Sublimation of Blood     Necr           4%         N/A       16%         2
 Wereblood                Tmut           4%         N/A       16%         2
 Mephitic Cloud           Conj/Pois/Air  8%         N/A       22%         3
 Ignite Poison            Fire/Tmut/Pois 4%         N/A       30%         3
 Sticky Flame             Conj/Fire      11%        2d3       52%         4
 Olgreb's Toxic Radiance  Pois           4%         N/A       71%         4
 Summon Hydra             Summ           8%         N/A       100%        7
 Ignition                 Fire           2%         3d3       100%        8


Dungeon Overview and Level Annotations

Branches:
Dungeon (4/15)
 Temple: D:4-7

Altars:
Uskayaw


Innate Abilities, Weirdness & Mutations

Spells you cast may paralyse adjacent enemies.


Message History

The ice beast is moderately wounded.
The ice beast hits you but does no damage.
Your white imp hits the ice beast but does no damage.
You hit the ice beast.
The ice beast is heavily wounded.
The ice beast barely misses you.
Your white imp hits the ice beast.
Your white imp freezes the ice beast.
The ice beast completely resists.
The ice beast hits your white imp. The ice beast freezes your white imp.
Your white imp resists.
You hit the ice beast.
The ice beast is severely wounded.
Your white imp barely misses the ice beast.
The ice beast closely misses you.
Your white imp hits the ice beast.
Your white imp freezes the ice beast.
The ice beast completely resists.
You hit the ice beast but do no damage.
The ice beast is severely wounded.
The ice beast closely misses you.
Your white imp hits the ice beast but does no damage.
You barely miss the ice beast.
The ice beast is severely wounded.
The ice beast hits you but does no damage.
Your white imp closely misses the ice beast.
The ice beast hits you. The ice beast freezes you!
You closely miss the ice beast.
The ice beast is severely wounded.
Your white imp hits the ice beast.
Your white imp freezes the ice beast.
The ice beast completely resists.
The ice beast barely misses you.
Your white imp hits the ice beast but does no damage.
You closely miss the ice beast.
The ice beast is almost dead.
The ice beast hits you. The ice beast freezes you!
* * * LOW HITPOINT WARNING * * *
Your white imp closely misses the ice beast.
You hit the ice beast.
Your weapon exudes an aura of protection.
The ice beast is almost dead.
The ice beast hits you.
* * * LOW HITPOINT WARNING * * *
The ice beast freezes you!
You die...

#.##......# #..#.....,,,,,,,,**,*
#.........# #.........,,,,,,,**,*
....†.....###§#.####..,,,,,,,**,*
###..................,,*,,,,,,,,*
#.#########.###..##*,#####***,,
#.* #.####.#**,#<..# *,,
#.*****####.†.##......##.#***,,
#.*,.........5.#.#....**,..,,,,
**#.*,.........Y@#,#.##.****##,,,
,,..,,...........#,#,*#.,,,* *,,,
***,,,...........#,*,*##**,****,,
*,,,...........#,*,,,,,*,,,**,,
*,,,...........#,*****+***,**,,
***,............,* *,,,,,,,,,,,
*****#########** *,,,,,,,,,,*
*,,,,,,,,,,+ *,,,,,,,,,,*


You could see an ice beast (ally target) and a friendly white imp (summoned).

Vanquished Creatures
  A hound (D:4)
  3 orc wizards (D:3)
  An adder (D:3)
  3 gnolls (D:2)
  4 dart slugs
  7 orcs (D:3)
  4 ball pythons
  2 endoplasms
  3 giant cockroaches
  6 goblins
  7 hobgoblins
  4 kobolds
  8 quokkas
  2 bats (D:2)
  3 frilled lizards
  A rat (D:2)
59 creatures vanquished.

Vanquished Creatures (collateral kills)
  A ball python (D:4)
  A hobgoblin (D:4)
2 creatures vanquished.

Vanquished Creatures (others)
  13 plants (D:3)
13 creatures vanquished.

Grand Total: 74 creatures vanquished

Notes
Turn   | Place    | Note
-------+----------+-------------------------------------------
     0 | D:1      | Elric the Demonspawn Hedge Wizard began the quest for the
                  | Orb.
     0 | D:1      | Reached XP level 1. HP: 13/13 MP: 4/4
   248 | D:1      | Gained mutation: Spells you cast may paralyse adjacent
                  | enemies. [demonic ancestry]
   248 | D:1      | Reached XP level 2. HP: 12/20 MP: 1/6
  1031 | D:2      | Reached XP level 3. HP: 25/25 MP: 0/7
  1039 | D:2      | Reached skill level 1 in Fighting
  1461 | D:2      | Learned a level 2 spell: Blink
  1464 | D:2      | Learned a level 2 spell: Call Imp
  2028 | D:3      | Reached skill level 1 in Maces & Flails
  2130 | D:3      | Reached XP level 4. HP: 32/32 MP: 7/9
  2366 | D:3      | Found a faded altar of an unknown god.
  2561 | D:3      | Reached XP level 5. HP: 28/37 MP: 5/10
  3024 | D:3      | Found a hide-covered altar of Uskayaw.
  3449 | D:4      | Identified a scroll of acquirement
  3449 | D:4      | Acquired the ring of Metrudah {rPois rN+ Will+ SInv}
  3924 | D:4      | Noticed an ice beast
  3931 | D:4      | Reached skill level 4 in Spellcasting
  3946 | D:4      | Slain by an ice beast

Illustrated notes

Levels and vault maps discovered:
D:1:      dpeg_arrival_houses_and_road, layout_basic,
          chequers_serial_rivers_micro_b
D:2:      layout_loops_corners
D:3:      layout_loops_ring, chequers_temple_overflow_statue_of_worship,
          dilly_ecumenical_altar_fadedgnrine, kennysheep_big_empty_room,
          minmay_misc_feat_square
D:4:      layout_basic, st_stairs_7, uniq_menkaure, uniq_edmund

Skill      XL: |  1  2  3  4  5 |
---------------+----------------+-----
Fighting       | 1 2 |  2.0
Conjurations   | 2 |  2.8
Maces & Flails | 1 |  1.6
Summonings     | 2 |  2.5
Spellcasting   | 4 |  4.0
Dodging        | |  1.7
Stealth        | |  1.7
Translocations | |  0.8

Action                   |  1- 3 |  4- 6 || total
-------------------------+-------+-------++-------
Melee: Mace              |    54 |    82 ||   136
       Whip              |     3 |       ||     3
       Punch             |     1 |     1 ||     2
 Cast: Magic Dart        |    64 |    48 ||   112
       Call Imp          |       |     6 ||     6
  Use: Scroll            |       |     8 ||     8
 Stab: Paralysed         |     3 |       ||     3
Armor: Robe              |    24 |    45 ||    69
Dodge: Dodged            |    60 |    57 ||   117

Table legend: (Time is in decaauts)
 A = Elapsed time spent in this place.
 B = Non-inter-level travel time spent in this place.
 C = Inter-level travel time spent in this place.
 D = Time resting spent in this place.
 E = Time spent auto-exploring this place.
 F = Levels seen in this place.
 G = Mean time per level.
                   A        B        C        D        E       F      G
               +--------+--------+--------+--------+--------+-----+--------+
         Total |   3993 |   3737 |    256 |    570 |   2614 |   4 |  998.2 |
       Dungeon |   3993 |   3737 |    256 |    570 |   2614 |   4 |  998.2 |
               +--------+--------+--------+--------+--------+-----+--------+

Top non-repeatable levels by time:
     D:3: 1541 daAuts
     D:2: 1130 daAuts
     D:1: 832 daAuts
     D:4: 489 daAuts
